 Dungeon Crawl Stone Soup version 0.31-a0-460-g9e667d4245 (webtiles) character file.

Game seed: 18430617236049687187

216749 muxecoid the Covert (level 19, -1/149 HPs)
             Began as a Gnoll Earth Elementalist on Aug 4, 2023.
             Was a High Priest of Okawaru.
             Slain by a ghost moth (6 damage)
             ... on level 4 of the Spider Nest.
             The game lasted 04:16:58 (42149 turns).

muxecoid the Covert (Gnoll Earth Elementalist)     Turns: 42149, Time: 04:16:59

Health: -1/149     AC:  9    Str:  3 (7)  XL:     19   Next: 45%
Magic:  2/46       EV: 23    Int: 15 (19) God:    Okawaru [*****.]
Gold:   4325       SH: 16    Dex: 22 (28) Spells: 22/46 levels left

rFire   + + .        s - +8 Vampire's Tooth {megavamp}
rCold   + . .        x - +3 buckler
rNeg    + + +        K - +1 robe "Was Hef" {Dex+6}
rPois   +            E - +0 helmet of Laduimykk {MP+9 Dex+2 Stlth+}
rElec   .            S - scarf {rC+ rF+}
rCorr   +            N - +0 pair of gloves {Stlth+}
SInv    .            m - +0 pair of boots of the Iron City of Dis {*Corrode rPois rN+ Int+3}
Will    +++..        l - amulet of reflection
Stlth   +++++++      Q - ring of Intercession {rF+ rN++ Will- Dex+4}
HPRegen 0.44/turn    B - ring "Ridann" {rPois Will+++ rCorr Int-4 Stlth-}
MPRegen 0.30/turn

%: corrode self (3%), reflection
@: on berserk cooldown, hasted, studying Stealth, invisible, very quick
A: fangs 1, strong nose, distributed training
a: Renounce Religion, Heroism, Finesse, Duel


You were on level 4 of the Spider Nest.
You worshipped Okawaru.
Okawaru was extremely pleased with you.
You visited 7 branches of the dungeon, and saw 32 of its levels.
You also visited: Sewer, Ossuary, Gauntlet and Ice Cave.

You collected 4347 gold pieces.
You spent 22 gold pieces at shops.

Inventory:

Hand Weapons
 a - the +8 dagger of Fragile Peace {pain, Will+ Str-3 Dex+2}
   (You found it on level 5 of the Dungeon)

   Str:       It affects your strength (-3).
   Dex:       It affects your dexterity (+2).
   Will:      It increases your willpower.
 b - the +3 sling of Moderation {flame, rElec rPois rN+}
   (You found it on level 11 of the Dungeon)

   rElec:     It insulates you from electricity.
   rPois:     It protects you from poison.
   rN:        It protects you from negative energy.
 s - the +8 Vampire's Tooth (weapon) {megavamp}
   (You took it off a deep elf sorcerer on level 3 of the Elven Halls)
 u - a +2 hand crossbow of freezing
Missiles
 g - 10 curare-tipped darts
 I - a silver javelin
 O - 7 javelins
Armour
 i - the +0 pair of gloves of Galoin {rPois Will+ Dex+5}
   (Okawaru gifted it to you on level 12 of the Dungeon)

   Dex:       It affects your dexterity (+5).
   rPois:     It protects you from poison.
   Will:      It increases your willpower.
 m - the +0 pair of boots of the Iron City of Dis (worn) {*Corrode rPois rN+ Int+3}
   (You found it on level 3 of the Spider Nest)

   Int:       It affects your intelligence (+3).
   rPois:     It protects you from poison.
   rN:        It protects you from negative energy.
   *Corrode:  It may corrode you when you take damage.
 x - a +3 buckler (worn)
 E - the +0 helmet of Laduimykk (worn) {MP+9 Dex+2 Stlth+}
   (You found it in a Gauntlet)

   Dex:       It affects your dexterity (+2).
   MP:        It affects your magic capacity (+9).
   Stlth:     It makes you more stealthy.
 K - the +1 robe "Was Hef" (worn) {Dex+6}
   (You found it on level 8 of the Dungeon)

   Dex:       It affects your dexterity (+6).
 N - a +0 pair of gloves of stealth (worn)
 P - a +0 kite shield of cold resistance
 S - a scarf of resistance (worn)
Jewellery
 c - a ring of protection from fire
 l - an amulet of reflection (around neck)
 n - the ring of Wegusi {+Blink Will+ rCorr}
   (You found it on level 15 of the Dungeon)

   [ring of resist corrosion]

   +Blink:    It lets you blink.
   rCorr:     It protects you from acid and corrosion.
   Will:      It increases your willpower.
 B - the ring "Ridann" (right hand) {rPois Will+++ rCorr Int-4 Stlth-}
   (You found it in a Gauntlet)

   [ring of poison resistance]

   Int:       It affects your intelligence (-4).
   rPois:     It protects you from poison.
   rCorr:     It protects you from acid and corrosion.
   Will:      It greatly increases your willpower.
   Stlth:     It makes you less stealthy.
 Q - the ring of Intercession (left hand) {rF+ rN++ Will- Dex+4}
   (You found it in an ice cave)

   [ring of protection from fire]

   Dex:       It affects your dexterity (+4).
   rF:        It protects you from fire.
   rN:        It greatly protects you from negative energy.
   Will:      It decreases your willpower.
 X - a +6 ring of intelligence
Wands
 r - a wand of roots (16)
 v - a wand of digging (7)
 F - a wand of flame (58)
 R - a wand of mindburst (12)
 Y - a wand of quicksilver (6)
Scrolls
 e - 6 scrolls of amnesia
 o - 9 scrolls of fog
 w - 4 scrolls of brand weapon
 y - 3 scrolls of poison
 D - 4 scrolls of revelation
 G - 3 scrolls of enchant weapon
 J - a scroll of acquirement
 M - 2 scrolls of immolation
 T - 4 scrolls of teleportation
 U - 2 scrolls of vulnerability
 V - 4 scrolls of enchant armour
 W - 2 scrolls of silence
 Z - a scroll of fear
Potions
 d - 6 potions of magic
 f - 2 potions of resistance
 h - a potion of might
 j - 12 potions of lignification
 k - 6 potions of ambrosia
 q - 6 potions of berserk rage
 t - 8 potions of curing
 z - 3 potions of cancellation
 A - 11 potions of brilliance
 C - 2 potions of haste
 H - 5 potions of mutation
 L - 6 potions of enlightenment


   Skills:
 + Level 13.3 Fighting
 + Level 13.3 Short Blades
 + Level 13.3 Long Blades
 + Level 13.3 Axes
 + Level 13.3 Maces & Flails
 + Level 13.3 Polearms
 + Level 13.3 Staves
 + Level 13.3 Ranged Weapons
 + Level 13.3 Throwing
 + Level 13.3 Armour
 + Level 14.0 Dodging
 + Level 14.8 Stealth
 + Level 13.3 Shields
 + Level 13.3 Unarmed Combat
 + Level 14.2 Spellcasting
 + Level 11.3 Conjurations
 + Level 11.3 Hexes
 + Level 11.3 Summonings
 + Level 11.3 Necromancy
 + Level 11.3 Translocations
 + Level 11.5 Transmutations
 + Level 11.3 Fire Magic
 + Level 11.3 Ice Magic
 + Level 11.3 Air Magic
 + Level 12.5 Earth Magic
 + Level 11.3 Poison Magic
 + Level 14.4 Invocations
 + Level 13.3 Evocations
 + Level 11.3 Shapeshifting


You had 22 spell levels left.
You knew the following spells:

 Your Spells              Type           Power      Damage    Failure   Level
a - Sandblast             Erth           96%        2d20      1%          1
b - Passwall              Tmut/Erth      38%        N/A       1%          2
c - Stone Arrow           Conj/Erth      92%        3d12      1%          3
d - Petrify               Tmut/Erth      46%        N/A       1%          4
e - Blink                 Tloc           88%        N/A       1%          2
f - Mephitic Cloud        Conj/Pois/Air  44%        N/A       1%          3
g - Freezing Cloud        Conj/Ice/Air   22%        6-21      2%          5
h - Iskenderun's Mystic   Conj/Tloc      44%        2d10      1%          4

Your spell library contained the following spells:

 Spells                   Type           Power      Damage    Failure   Level
 Apportation              Tloc           88%        N/A       1%          1
 Necrotise                Necr           100%       1d9       1%          1
 Shock                    Conj/Air       100%       1d9       1%          1
 Ensorcelled Hibernation  Hex/Ice        88%        N/A       1%          2
 Poisonous Vapours        Pois/Air       88%        N/A       1%          2
 Sublimation of Blood     Necr           44%        N/A       1%          2
 Wereblood                Tmut           45%        N/A       1%          2
 Dazzling Flash           Conj/Hex       88%        N/A       1%          3
 Gell's Gravitas          Tloc           44%        N/A       1%          3
 Hailstorm                Conj/Ice       44%        3d10      1%          3
 Ozocubu's Armour         Ice            44%        N/A       1%          3
 Teleport Other           Tloc           44%        N/A       1%          3
 Vhi's Electric Charge    Tloc/Air       88%        N/A       1%          3
 Volatile Blastmotes      Fire/Tloc      88%        2d17      1%          3
 Anguish                  Hex/Necr       22%        N/A       1%          4
 Cause Fear               Hex            22%        N/A       1%          4
 Fulminant Prism          Conj/Hex       22%        3d12      1%          4
 Leda's Liquefaction      Hex/Erth       23%        N/A       1%          4
 Manifold Assault         Tloc           44%        N/A       1%          4
 Borgnjor's Vile Clutch   Necr/Erth      23%        N/A       1%          5
 Lee's Rapid Deconstruct  Erth           24%        3d13*     1%          5
 Alistair's Intoxication  Tmut/Pois      29%        N/A       2%          5
 Arcjolt                  Conj/Air       22%        1d32      2%          5
 Fireball                 Conj/Fire      22%        3d10      2%          5
 Irradiate                Conj/Tmut      22%        3d19      2%          5
 Metabolic Englaciation   Hex/Ice        22%        N/A       2%          5
 Leda's Unmaking          Conj/Erth      23%        9d4       11%         6
 Eringya's Noxious Bog    Tmut/Pois      22%        4d6       13%         6
 Dispersal                Tloc           22%        N/A       14%         6
 Starburst                Conj/Fire      22%        6d7       14%         6
 Enfeeble                 Hex            22%        N/A       58%         7
 Ozocubu's Refrigeration  Ice            22%        4d12      58%         7
 Lehudib's Crystal Spear  Conj/Erth      23%        10d6      99%         8
 Maxwell's Capacitive Co  Air            22%        ∞         99%         8
 Polar Vortex             Ice            22%        12d2*     100%        9
 Summon Small Mammal      Summ           Unusable   N/A       N/A         1
 Animate Armour           Summ/Erth      Unusable   N/A       N/A         4
 Animate Dead             Necr           Unusable   N/A       N/A         4
 Summon Ice Beast         Ice/Summ       Unusable   N/A       N/A         4
 Summon Lightning Spire   Summ/Air       Unusable   N/A       N/A         4
 Simulacrum               Ice/Necr       Unusable   N/A       N/A         6
 Haunt                    Necr/Summ      Unusable   N/A       N/A         7
 Summon Hydra             Summ           Unusable   N/A       N/A         7
 Infestation              Necr           Unusable   N/A       N/A         8

Dungeon Overview and Level Annotations

Branches:
Dungeon (15/15)            Temple (1/1) D:6            Lair (5/5) D:11
 Shoals (0/4) Lair:3       Spider (4/4) Lair:3        Slime (0/5) Lair:4
    Orc (2/2) D:10            Elf (3/3) Orc:2        Vaults (0/5) D:13
 Depths (2/4) D:15          Sewer (visited)         Ossuary (visited)
  IceCv (visited)         Gauntlet (visited)

Altars:
Ashenzari
Cheibriados
Dithmenos
Elyvilon
Fedhas
Gozag
Hepliaklqana
Kikubaaqudgha
Makhleb
Nemelex Xobeh
Okawaru
Qazlal
Ru
Sif Muna
Trog
Uskayaw
Vehumet
Wu Jian
Xom
Yredelemnul
Zin
The Shining One

Shops:
D:7 (   D:8 *   Orc:1 *(   Orc:2 (=[[   Elf:2 [   Depths:2 [

Portals:
Hell: Depths:1 Depths:2
Trove: D:10 (give 7 potions of haste)

Annotations:
Lair:4 1 runed translucent door


Innate Abilities, Weirdness & Mutations

You have very sharp teeth.
Your uncanny sense of smell can sniff out nearby items.
Your experience applies equally to all skills.


Message History

Something stings you but does no damage.
Okay, then.
You can't see any enemies this would affect, really read the scroll of fear?
As you read the scroll of fear, it crumbles to dust.
You assume a fearsome visage.
Nothing appears to happen.
You feel you are being watched by something.
Something hits you!!
* * * LOW HITPOINT WARNING * * *
You feel clumsy. Something completely misses you. Something stings you!
* * * LOW HITPOINT WARNING * * *
You block something's attack. Something misses you.
Something stings you but does no damage.
You fade into invisibility!
Something barely misses you. Something hits you.
* * * LOW HITPOINT WARNING * * *
You feel weakened. Something barely misses you.
Something hits you but does no damage. x2
Something barely misses you.
You feel better. Something closely misses you. Something hits you.
* * * LOW HITPOINT WARNING * * *
Something stings you!
* * * LOW HITPOINT WARNING * * *
You feel weakened. Something closely misses you. Something hits you!
* * * LOW HITPOINT WARNING * * *
Something stings you.
* * * LOW HITPOINT WARNING * * *
Okay, then.
Okay, then.
You feel yourself speed up.
You feel yourself speed up. Something barely misses you.
Something hits you but does no damage. Something stings you.
* * * LOW HITPOINT WARNING * * *
You feel clumsy. Something closely misses you. Something hits you.
* * * LOW HITPOINT WARNING * * *
Something stings you.
You die...

..#.?..†...#...........
..<...^#...^...........^#
#...#..^......^#.#.^.....
........†................
......#.#..#)^.....#..#..
..........^^#..#......^..
.........#^......).......
.........................
..^......{@...#..†$.....
...............<.......#
###....#.#.......#......
#...######.^...#^.....
##^# #####^# ###.. ## ###
#


There were no monsters in sight!

Vanquished Creatures
  Bai Suzhen (Elf:3)
  Nikola (Spider:1)
  Norris (Elf:1)
  2 liches
  2 deep elf blademasters (Elf:3)
  3 deep elf master archers (Elf:3)
  Frances (Elf:1)
  Gastronok (D:12)
  A tengu reaver (D:15)
  Kirke (D:13)
  Aizul (Spider:2)
  A frost giant (Depths:2)
  2 emperor scorpions (Spider:1)
  2 deep elf elementalists (Elf:3)
  5 deep elf sorcerers (Elf:3)
  6 fire giants
  A ghost moth (Spider:4)
  11 very ugly things
  2 broodmothers
  A stone giant (Depths:2)
  A spriggan defender (Depths:2)
  6 deep elf annihilators (Elf:3)
  3 deep elf demonologists (Elf:3)
  A dire elephant (Gauntlet)
  A minotaur (Gauntlet)
  3 spark wasps
  4 deep elf death magi (Elf:3)
  4 ettins
  A yaktaur captain (D:15)
  3 entropy weavers
  Josephine (Spider:1)
  4 fire dragons
  4 ice dragons
  2 deep elf high priests (Elf:3)
  A rakshasa (D:9)
  3 spriggan air magi
  2 centaur warriors (D:15)
  2 hydras
  A radroach (Spider:1)
  A vault guard (D:13)
  3 two-headed ogres
  3 deep troll earth magi
  8 boulder beetles
  16 death yaks
  A tengu warrior (D:13)
  A deep troll shaman (Depths:1)
  23 dancing weapons
  16 deep elf knights
  3 spriggan berserkers
  2 demonic crawlers
  An iron troll (D:15)
  2 skysharks
  A sun moth (Spider:2)
  4 pharaoh ants
  6 orb spiders
  Amaemon (Lair:1)
  Lodul (D:13)
  A sixfirhy (Gauntlet)
  A swamp dragon (shapeshifter) (Elf:1)
  2 bog bodies (IceCv)
  15 deep elf archers
  5 deep trolls
  A lindwurm (Lair:5)
  5 orc knights
  A wizard (Depths:2)
  16 deep elf zephyrmancers
  5 steelbarb worms
  19 deep elf pyromancers
  22 ugly things
  A moth of wrath (Spider:4)
  9 wolf spiders
  3 manticores
  8 cyclopes
  An orc sorcerer (Orc:1)
  14 elephants
  An ice statue (IceCv)
  5 black mambas
  A water nymph (Lair:3)
  10 torpor snails
  12 cane toads
  Maggie (D:9)
  An orange demon (Lair:1)
  2 gargoyles
  An unseen horror (D:10)
  3 rime drakes
  A yaktaur (D:15)
  2 anaconda simulacra (IceCv)
  8 komodo dragons
  3 meliai (Spider:2)
  4 tyrant leeches (Lair:5)
  6 trolls
  10 tarantellas
  2 queen bees
  12 hornets
  A hornet (shapeshifter) (D:15)
  16 jumping spiders
  6 slime creatures
  7 wraiths
  A shadow (D:12)
  10 culicivoras
  A vampire (D:10)
  A spriggan (Depths:1)
  5 air elementals
  4 wyverns
  2 dire elephant simulacra (IceCv)
  Grum (D:9)
  38 yaks
  3 humans (D:13)
  6 fire elementals
  A steam dragon (D:10)
  3 basilisks
  10 vampire mosquitoes
  3 hogs (D:13)
  A death yak simulacrum (IceCv)
  47 redbacks
  6 wargs
  A harpy simulacrum (IceCv)
  An acid dragon (D:10)
  2 hell hounds (Lair:3)
  12 water moccasins
  A black bear (D:5)
  32 orc warriors
  13 ogres
  19 wolves
  15 centaurs
  3 phantoms
  18 bullfrogs
  5 kobold brigands
  3 two-headed ogre simulacra (IceCv)
  A spectral water moccasin (D:5)
  An earth elemental (Elf:1)
  4 cane toad simulacra (IceCv)
  8 scorpions
  3 gnoll sergeants
  3 water moccasin zombies
  19 wights
  4 elephant simulacra (IceCv)
  36 killer bees
  4 electric eels
  5 howler monkeys
  4 hounds
  12 orc priests
  Crazy Yiuf (D:2)
  A gnoll bouda (D:7)
  2 jellies
  2 sleepcaps
  4 iguanas
  21 orc wizards
  4 spriggan simulacra (IceCv)
  4 hell rats (Lair:3)
  3 polar bear simulacra (IceCv)
  10 troll simulacra (IceCv)
  A wolf simulacrum (IceCv)
  A centaur simulacrum (D:5)
  A boggart simulacrum (D:15)
  A hound skeleton (D:5)
  3 mummies
  19 gnolls
  12 adders
  4 naga simulacra (IceCv)
  7 river rats (Sewer)
  5 white imps (IceCv)
  9 ufetubi
  3 adder zombies (Ossuary)
  4 worms
  A dart slug (D:1)
  60 orcs
  2 bats (D:1)
  7 endoplasms
  7 giant cockroaches
  12 goblins
  5 hobgoblins
  4 jackals (D:2)
  36 kobolds
  7 quokkas
  15 ball pythons
  3 frilled lizards
  5 gnoll zombies (Ossuary)
  A goblin zombie (D:6)
  6 hobgoblin zombies
  6 kobold zombies (Ossuary)
  3 orc zombies (Ossuary)
  30 rats
1134 creatures vanquished.

Vanquished Creatures (others)
  A sun moth (Spider:2)
  A deep elf pyromancer (Elf:2)
2 creatures vanquished.

Grand Total: 1136 creatures vanquished

Notes
Turn   | Place    | Note
-------+----------+-------------------------------------------
     0 | D:1      | muxecoid the Gnoll Earth Elementalist began the quest for
                  | the Orb.
     0 | D:1      | Reached XP level 1. HP: 13/13 MP: 6/6
   173 | D:1      | Reached XP level 2. HP: 19/19 MP: 4/7
   264 | D:1      | Learned a level 2 spell: Passwall
   461 | D:1      | Learned a level 2 spell: Blink
   741 | D:1      | Reached skill level 5 in Spellcasting
   741 | D:1      | Reached XP level 3. HP: 25/25 MP: 9/9
   994 | D:2      | Reached skill level 1 in Invocations
  1127 | D:2      | Reached skill level 1 in Fighting
  1127 | D:2      | Reached skill level 1 in Short Blades
  1127 | D:2      | Reached skill level 1 in Long Blades
  1127 | D:2      | Reached skill level 1 in Axes
  1127 | D:2      | Reached skill level 1 in Maces & Flails
  1127 | D:2      | Reached skill level 1 in Polearms
  1127 | D:2      | Reached skill level 1 in Staves
  1127 | D:2      | Reached skill level 1 in Ranged Weapons
  1127 | D:2      | Reached skill level 1 in Throwing
  1127 | D:2      | Reached skill level 1 in Armour
  1127 | D:2      | Reached skill level 1 in Shields
  1127 | D:2      | Reached skill level 1 in Unarmed Combat
  1127 | D:2      | Reached skill level 1 in Evocations
  1132 | D:2      | Reached XP level 4. HP: 32/32 MP: 11/11
  1153 | D:2      | Learned a level 3 spell: Stone Arrow
  1277 | D:2      | Reached skill level 1 in Conjurations
  1277 | D:2      | Reached skill level 1 in Hexes
  1277 | D:2      | Reached skill level 1 in Summonings
  1277 | D:2      | Reached skill level 1 in Necromancy
  1277 | D:2      | Reached skill level 1 in Translocations
  1277 | D:2      | Reached skill level 1 in Fire Magic
  1277 | D:2      | Reached skill level 1 in Ice Magic
  1277 | D:2      | Reached skill level 1 in Air Magic
  1277 | D:2      | Reached skill level 1 in Poison Magic
  1277 | D:2      | Reached skill level 1 in Shapeshifting
  1319 | D:3      | Reached XP level 5. HP: 18/37 MP: 12/12
  1986 | D:2      | Found a runed translucent door.
  1987 | D:2      | Noticed Crazy Yiuf
  1994 | D:2      | Killed Crazy Yiuf
  2069 | D:3      | Found an ornate altar of the Wu Jian Council.
  2134 | D:3      | Learned a level 4 spell: Petrify
  2148 | D:3      | Found a faded altar of an unknown god.
  2237 | D:4      | Found a glowing drain.
  2244 | D:4      | Reached XP level 6. HP: 44/44 MP: 13/13
  2256 | Sewer    | Entered a sewer
  2594 | Sewer    | Reached skill level 5 in Dodging
  2739 | Sewer    | Reached skill level 5 in Fighting
  2739 | Sewer    | Reached skill level 5 in Short Blades
  2739 | Sewer    | Reached skill level 5 in Long Blades
  2739 | Sewer    | Reached skill level 5 in Axes
  2739 | Sewer    | Reached skill level 5 in Maces & Flails
  2739 | Sewer    | Reached skill level 5 in Polearms
  2739 | Sewer    | Reached skill level 5 in Staves
  2739 | Sewer    | Reached skill level 5 in Ranged Weapons
  2739 | Sewer    | Reached skill level 5 in Throwing
  2739 | Sewer    | Reached skill level 5 in Armour
  2739 | Sewer    | Reached skill level 5 in Shields
  2739 | Sewer    | Reached skill level 5 in Unarmed Combat
  2739 | Sewer    | Reached skill level 5 in Invocations
  2739 | Sewer    | Reached skill level 5 in Evocations
  2739 | Sewer    | Reached XP level 7. HP: 56/56 MP: 17/17
  3503 | D:3      | Reached XP level 8. HP: 52/62 MP: 14/18
  4047 | D:4      | Found a shadowy altar of Dithmenos.
  4284 | D:4      | Identified the +0 leather armour of Ru's Benevolence {rN+
                  | Int+4}
  4455 | D:4      | Found a sparkling altar of Nemelex Xobeh.
  4704 | D:5      | Entered Level 5 of the Dungeon
  4718 | D:5      | Learned a level 3 spell: Mephitic Cloud
  4848 | D:5      | Found a shimmering blue altar of Sif Muna.
  4985 | D:5      | Found a hide-covered altar of Uskayaw.
  5176 | D:5      | Found a snail-covered altar of Cheibriados.
  5552 | D:5      | Reached XP level 9. HP: 68/68 MP: 20/20
  5578 | D:5      | Reached skill level 5 in Transmutations
  5810 | D:5      | Identified the +8 dagger of Fragile Peace {pain, Will+
                  | Str-3 Dex+2}
  6003 | D:6      | Found a sand-covered staircase.
  6008 | Ossuary  | Entered an ossuary
  6293 | D:6      | Found a bloodstained altar of Trog.
  6305 | D:6      | Found a staircase to the Ecumenical Temple.
  6314 | Temple   | Entered the Ecumenical Temple
  6323 | Temple   | Became a worshipper of Warmaster Okawaru
  7037 | D:6      | Found an opulent altar of Gozag.
  7339 | D:7      | Found a broken altar of Ashenzari.
  7712 | D:7      | Found a radiant altar of Vehumet.
  7778 | D:7      | Found Raethraast's Weapon Shop.
  7987 | D:8      | Identified the +1 robe "Was Hef" {Dex+6}
  8024 | D:8      | Found a blossoming altar of Fedhas.
  8098 | D:8      | Found a burning altar of Makhleb.
  8360 | D:8      | Reached * piety under Okawaru
  8457 | D:8      | Reached XP level 10. HP: 76/76 MP: 20/21
  8569 | D:8      | Found Heug's Mayhem Merchandise.
  9317 | D:9      | Noticed a gargoyle
  9339 | D:9      | Noticed a manticore
  9339 | D:9      | Noticed a rakshasa
  9339 | D:9      | Noticed a deep elf pyromancer
  9339 | D:9      | Killed a gargoyle
  9340 | D:9      | Reached skill level 5 in Conjurations
  9340 | D:9      | Reached skill level 5 in Hexes
  9340 | D:9      | Reached skill level 5 in Summonings
  9340 | D:9      | Reached skill level 5 in Necromancy
  9340 | D:9      | Reached skill level 5 in Translocations
  9340 | D:9      | Reached skill level 5 in Fire Magic
  9340 | D:9      | Reached skill level 5 in Ice Magic
  9340 | D:9      | Reached skill level 5 in Air Magic
  9340 | D:9      | Reached skill level 5 in Poison Magic
  9340 | D:9      | Reached skill level 5 in Shapeshifting
  9347 | D:9      | Killed a deep elf pyromancer
  9375 | D:10     | Entered Level 10 of the Dungeon
  9375 | D:10     | Found a staircase to the Orcish Mines.
  9392 | D:10     | Reached ** piety under Okawaru
  9558 | D:10     | Found a flagged portal.
  9572 | D:10     | Reached XP level 11. HP: 50/84 MP: 21/23
 10035 | D:11     | Reached *** piety under Okawaru
 10269 | D:11     | Found a staircase to the Lair.
 10275 | Lair:1   | Entered Level 1 of the Lair of Beasts
 10345 | Lair:1   | Reached XP level 12. HP: 88/91 MP: 24/24
 10944 | Lair:1   | Noticed a boulder beetle
 10979 | Lair:1   | Noticed Amaemon
 11039 | Lair:1   | Reached **** piety under Okawaru
 11187 | Lair:1   | Killed a boulder beetle
 11636 | Lair:2   | Found a gate leading to a gauntlet.
 11645 | Gauntlet | Entered a Gauntlet
 11645 | Gauntlet | Found a transporter.
 11645 | Gauntlet | Found a transporter.
 11645 | Gauntlet | Found a transporter.
 11708 | Gauntlet | Found a transporter.
 11710 | Gauntlet | Found a transporter.
 11719 | Gauntlet | Found a transporter.
 11721 | Gauntlet | Found a transporter.
 11729 | Gauntlet | Noticed a dire elephant
 11730 | Gauntlet | Found a transporter.
 11743 | Gauntlet | Noticed a dire elephant
 11747 | Gauntlet | Found a transporter.
 11752 | Gauntlet | Found a transporter.
 11755 | Gauntlet | Found a transporter.
 11765 | Gauntlet | Found a transporter.
 12138 | Gauntlet | Identified the ring "Ridann" {rPois Will+++ rCorr Int-4
                  | Stlth-}
 12170 | Gauntlet | Killed a dire elephant
 12171 | Gauntlet | Reached ***** piety under Okawaru
 12197 | Gauntlet | Identified the +0 helmet of Laduimykk {MP+9 Dex+2 Stlth+}
 12253 | Gauntlet | Noticed a minotaur
 12276 | Gauntlet | Learned a level 5 spell: Freezing Cloud
 12289 | Gauntlet | Killed a minotaur
 12289 | Gauntlet | Received a gift from Okawaru
 12995 | Lair:3   | Reached XP level 13. HP: 98/98 MP: 26/26
 13142 | Lair:3   | Identified the +8 chain mail of Foolhardiness {Dex+5}
 13226 | Lair:3   | Found a hole to the Spider Nest.
 14380 | Lair:4   | Reached skill level 10 in Spellcasting
 14492 | Lair:4   | Received a gift from Okawaru
 14493 | Lair:4   | Reached skill level 10 in Dodging
 14797 | Lair:4   | Identified the +0 glaive of the Extremes {holy, rF- rC+
                  | Will+} (Okawaru gifted it to you on level 4 of the Lair of
                  | Beasts)
 14797 | Lair:4   | Received a gift from Okawaru
 14846 | Lair:4   | Reached skill level 10 in Stealth
 14920 | Lair:4   | Found a frozen archway.
 14930 | IceCv    | Entered an ice cave
 15044 | IceCv    | Identified the ring of Intercession {rF+ rN++ Will- Dex+4}
 15292 | IceCv    | Identified the staff of Imbalance {rF+ Str+3 Dex-2 Stlth+
                  | Fire}
 15425 | IceCv    | Reached XP level 14. HP: 83/108 MP: 28/28
 15755 | IceCv    | Reached skill level 10 in Invocations
 16698 | Lair:4   | Identified a scroll of acquirement
 17054 | Lair:3   | Received a gift from Okawaru
 17472 | Lair:4   | Found a runed translucent door.
 17473 | Lair:4   | Noticed an acid blob
 17476 | Lair:4   | Noticed an acid blob
 17478 | Lair:4   | Found a staircase to the Slime Pits.
 17535 | Lair:5   | Entered Level 5 of the Lair of Beasts
 17716 | Lair:5   | Received a gift from Okawaru
 18169 | Lair:5   | Found a runed translucent door.
 18249 | Lair:5   | Received a gift from Okawaru
 18538 | Lair:5   | Received a gift from Okawaru
 18600 | Lair:5   | Reached ****** piety under Okawaru
 18655 | Lair:5   | Identified the +0 plate armour "Jeen" {rF++ rN+ rCorr
                  | Str-2} (Okawaru gifted it to you on level 5 of the Lair of
                  | Beasts)
 18655 | Lair:5   | Received a gift from Okawaru
 19313 | Orc:1    | Entered Level 1 of the Orcish Mines
 19643 | D:10     | Reached skill level 10 in Earth Magic
 19776 | Orc:1    | Found Emavir's Antique Weapon Boutique.
 19925 | Orc:1    | Found Xugidem's CLEARANCE SALE!.
 19933 | Orc:1    | Bought a scroll of blinking for 22 gold pieces
 19947 | Orc:2    | Entered Level 2 of the Orcish Mines
 20073 | Orc:2    | Reached skill level 10 in Fighting
 20073 | Orc:2    | Reached skill level 10 in Short Blades
 20073 | Orc:2    | Reached skill level 10 in Long Blades
 20073 | Orc:2    | Reached skill level 10 in Axes
 20073 | Orc:2    | Reached skill level 10 in Maces & Flails
 20073 | Orc:2    | Reached skill level 10 in Polearms
 20073 | Orc:2    | Reached skill level 10 in Staves
 20073 | Orc:2    | Reached skill level 10 in Ranged Weapons
 20073 | Orc:2    | Reached skill level 10 in Throwing
 20073 | Orc:2    | Reached skill level 10 in Armour
 20073 | Orc:2    | Reached skill level 10 in Shields
 20073 | Orc:2    | Reached skill level 10 in Unarmed Combat
 20073 | Orc:2    | Reached skill level 10 in Evocations
 20087 | Orc:2    | Reached XP level 15. HP: 88/115 MP: 30/30
 20212 | Orc:2    | Found a staircase to the Elven Halls.
 20589 | Orc:2    | Found Isinaob's Jewellery Shop.
 20589 | Orc:2    | Found Goileqirch's Antique Armour Shoppe.
 20591 | Orc:2    | Found Vyomagen's Antique Armour Emporium.
 20593 | Orc:2    | Found Neajuolo's Antique Weapon Boutique.
 21160 | D:10     | Found a shimmering altar of Xom.
 21252 | D:9      | Noticed Maggie
 21259 | D:9      | Killed Maggie
 21392 | D:9      | Noticed Grum
 21393 | D:9      | Found a stormy altar of Qazlal.
 21405 | D:9      | Killed Grum
 21662 | D:9      | Found a basalt altar of Yredelemnul.
 22102 | D:9      | Received a gift from Okawaru
 22262 | D:10     | Found a portal to a secret trove of treasure.
 22966 | D:11     | Received a gift from Okawaru
 23152 | D:11     | Identified the +3 sling of Moderation {flame, rElec rPois
                  | rN+}
 23267 | D:12     | Noticed Gastronok
 23285 | D:12     | Killed Gastronok
 23285 | D:12     | Identified the +0 pair of gloves of Galoin {rPois Will+
                  | Dex+5} (Okawaru gifted it to you on level 12 of the
                  | Dungeon)
 23285 | D:12     | Received a gift from Okawaru
 23602 | D:13     | Found a gate to the Vaults.
 23708 | D:13     | Noticed Kirke
 23726 | D:13     | Killed Kirke
 23807 | D:13     | Noticed Lodul
 23846 | D:13     | Killed Lodul
 24097 | D:14     | Identified the +9 great sword "Fuaxt" {antimagic, Contam
                  | rElec SInv}
 24519 | D:15     | Entered Level 15 of the Dungeon
 24831 | D:15     | Noticed a fire giant
 24831 | D:15     | Noticed a tengu reaver
 24833 | D:15     | Killed a tengu reaver
 24835 | D:15     | Killed a fire giant
 24846 | D:15     | Found a runed translucent door.
 24856 | D:15     | Reached XP level 16. HP: 124/124 MP: 31/31
 24897 | D:15     | Identified the ring of Wegusi {+Blink Will+ rCorr}
 25109 | D:15     | Identified the +11 crystal plate armour "Zutagg" {Str+2}
                  | (Okawaru gifted it to you on level 15 of the Dungeon)
 25109 | D:15     | Received a gift from Okawaru
 25318 | D:15     | Found a staircase to the Depths.
 25344 | Depths:1 | Entered Level 1 of the Depths
 25363 | Depths:1 | Found a gateway to Hell.
 27231 | Lair:1   | Killed Amaemon
 27750 | Elf:1    | Entered Level 1 of the Elven Halls
 27750 | Elf:1    | Noticed Frances
 27758 | Elf:1    | Killed Frances
 28035 | Elf:1    | Noticed Norris
 28041 | Elf:1    | Killed Norris
 28406 | Elf:1    | You fall into a shaft and drop 1 floor!
 28550 | Elf:2    | Received a gift from Okawaru
 28622 | Elf:2    | Received a gift from Okawaru
 28697 | Elf:2    | Paralysed by an air elemental for 1 turns
 28811 | Elf:2    | Found Faaly's Antique Armour Shoppe.
 28887 | Elf:2    | Paralysed by an air elemental for 1 turns
 29050 | Elf:2    | Found a runed translucent gate.
 29050 | Elf:2    | Found a runed translucent gate.
 29058 | Elf:2    | Found a runed translucent gate.
 29426 | Elf:2    | Learned a level 4 spell: Iskenderun's Mystic Blast
 29534 | Elf:2    | Reached skill level 10 in Transmutations
 30145 | Elf:2    | Reached XP level 17. HP: 92/131 MP: 33/33
 30895 | Elf:2    | Received a gift from Okawaru
 31379 | Elf:3    | Entered Level 3 of the Elven Halls
 31707 | Elf:3    | Noticed Bai Suzhen
 31714 | Elf:3    | Killed Bai Suzhen
 31715 | Elf:3    | Reached skill level 10 in Conjurations
 31715 | Elf:3    | Reached skill level 10 in Hexes
 31715 | Elf:3    | Reached skill level 10 in Summonings
 31715 | Elf:3    | Reached skill level 10 in Necromancy
 31715 | Elf:3    | Reached skill level 10 in Translocations
 31715 | Elf:3    | Reached skill level 10 in Fire Magic
 31715 | Elf:3    | Reached skill level 10 in Ice Magic
 31715 | Elf:3    | Reached skill level 10 in Air Magic
 31715 | Elf:3    | Reached skill level 10 in Poison Magic
 31715 | Elf:3    | Reached skill level 10 in Shapeshifting
 31873 | Elf:3    | Identified the +0 ring mail of Objectivity {rElec rPois
                  | rC-}
 32425 | Elf:3    | Paralysed by an air elemental for 1 turns
 32720 | Elf:3    | Noticed a deep elf blademaster
 32727 | Elf:3    | Killed a deep elf blademaster
 32730 | Elf:3    | Noticed a deep elf master archer
 32732 | Elf:3    | Noticed a deep elf blademaster
 32749 | Elf:3    | Noticed a deep elf master archer
 32756 | Elf:3    | Killed a deep elf master archer
 32919 | Elf:3    | Killed a deep elf master archer
 32977 | Elf:3    | Identified the +0 flail of the Reaper {elec, Int+4}
 32984 | Elf:3    | Identified the ring "Uqacled" {Ice rElec Dex+3}
 32992 | Elf:3    | Killed a deep elf blademaster
 33219 | Elf:3    | Identified the +4 war axe "Namnus" {protect, rPois Will++}
 33296 | Elf:3    | Noticed a deep elf master archer
 33302 | Elf:3    | Killed a deep elf master archer
 33302 | Elf:3    | Received a gift from Okawaru
 33407 | Elf:3    | Identified the ring "Seesseet" {AC+4 Dex+3}
 33575 | Elf:3    | Identified the +1 pair of gloves of the Delicate God {Will+
                  | rCorr SInv}
 33606 | Elf:3    | Reached XP level 18. HP: 140/140 MP: 35/35
 33608 | Elf:3    | Found the +10 morningstar "Eos" {elec, Halo rElec}
 34977 | D:15     | Received a gift from Okawaru
 35060 | D:15     | Received a gift from Okawaru
 35367 | Depths:1 | Received a gift from Okawaru
 35598 | Depths:1 | Noticed a lich
 35621 | Depths:1 | Killed a lich
 35988 | Depths:1 | Received a gift from Okawaru
 36475 | Depths:2 | Noticed a golden dragon
 36554 | Depths:2 | Received a gift from Okawaru
 36668 | Depths:2 | Noticed a walking earthen tome
 36826 | Depths:2 | Noticed a lich
 36854 | Depths:2 | Killed a lich
 37278 | Depths:2 | Noticed a walking crystal tome
 37279 | Depths:2 | Found Qepiblaz's Armour Shop.
 37279 | Depths:2 | Noticed a walking crystal tome
 37335 | Depths:2 | Got Sif Muna's Information on Impulse and the Flock
 37928 | Spider:1 | Entered Level 1 of the Spider Nest
 37929 | Spider:1 | Noticed Josephine
 37933 | Spider:1 | Killed Josephine
 38608 | Spider:1 | Noticed Nikola
 38622 | Spider:1 | Killed Nikola
 38889 | Spider:2 | Noticed Aizul
 38891 | Spider:2 | Reached XP level 19. HP: 149/149 MP: 36/36
 38897 | Spider:2 | Killed Aizul
 39224 | Spider:2 | Received a gift from Okawaru
 40021 | Spider:2 | Identified the +1 robe of Bitterness {Archmagi}
 40452 | Spider:2 | Received a gift from Okawaru
 41607 | Spider:3 | Found a transporter.
 41609 | Spider:3 | Found a transporter.
 41669 | Spider:3 | Got the +0 pair of boots of the Iron City of Dis {*Corrode
                  | rPois rN+ Int+3}
 41879 | Spider:4 | Entered Level 4 of the Spider Nest
 42149 | Spider:4 | HP: 5/149 [something (3)]
 42149 | Spider:4 | Slain by a ghost moth

Illustrated notes

Levels and vault maps discovered:
D:1:      psy_arrival_radial01, layout_basic, serial_rivers,
          chequers_serial_rivers_large_a, chequers_serial_rivers_large_b,
          chequers_serial_rivers_marsh, chequers_serial_rivers_small_a,
          chequers_serial_rivers_small_a
D:2:      layout_basic, uniq_crazy_yiuf_cottage
D:3:      layout_rooms, mainiacjoe_overflow_six_doors_small,
          shapermc_ecumenical_altar_gd
D:4:      layout_basic, nicolae_dithmenos_the_darkroom,
          nemelex_dance_club_becter, gup_sewer_entry_glass
D:5:      layout_cave_pods, mainiacjoe_overflow_cross_hatched,
          mainiacjoe_overflow_surrounded_room, kennysheep_little_box,
          dilly_guarded_unrand_morg
D:6:      layout_basic, lightli_temple_of_fire,
          nicolae_gozag_cash_rules_everything_around_me,
          minmay_temple_entry_arrows, nicolae_ossuary_entry_giza, sigmund_army
D:7:      layout_cave_pools, amcnicky_altar_gilded, lemuel_doored_altar,
          serial_shops, nicolae_shop_bloodbath_and_beyond
D:8:      layout_cave_pods, old_standard_altar, mainiacjoe_overflow_24_doors,
          minmay_shop_mayhem
D:9:      minmay_bloctagon, layout_loops_cross,
          mainiacjoe_overflow_small_starburst, nicolae_qazlal_style_of_elements,
          nicolae_concentric_dashed_squares_wild, uniq_maggie, uniq_grum
D:10:     layout_gridville, kennysheep_mini_moat, minmay_orc_entry_guard_dogs,
          enter_bailey_5, enter_trove_2
D:11:     layout_loops_cross, lair_entry_dummy
D:12:     layout_cave_pools, uniq_gastronok
D:13:     layout_irregular_city, david_vaults_5, uniq_lodul, uniq_kirke
D:14:     layout_small_grid, serial_glass, glass_columns_c, glass_columns_a,
          lightli_minifort
D:15:     grunt_enter_depths_hoard, layout_long_grid,
          chequers_serial_rivers_room_b, minivault_13
Temple:   nicolae_temple_ecumenical_triangle
Lair:1:   layout_roguey [special_room_bee], nzn_sisyphean_effort,
          infiniplex_staircase_pool, uniq_amaemon
Lair:2:   layout_small_grid, gauntlet_entry_generic
Lair:3:   layout_regular_city, nicolae_shoals_entry_flooding,
          nicolae_spider_entry_non_spiders, enter_volcano_3, beast_lair_carwin_9
Lair:4:   layout_roguey, slime_entry_2, portal_ice_cave_entry_pillars_2,
          lemuel_fruit_fields, infiniplex_staircase_pool_2, grunt_megastairs_4
Lair:5:   hangedman_lair_tendril_chambers, layout_gridlike, wormcave
Spider:1: layout_spider_delve, uniq_josephine, uniq_nikola
Spider:2: layout_chambers, drop_trap, nicolae_spider_cling_halls, uniq_aizul
Spider:3: gammafunk_boulding_lane, guppyfry_spider_mini_1
Spider:4: grunt_spider_rune_circles
Orc:1:    layout_caves, serial_shops, nicolae_shop_tiny_statue_garden,
          nicolae_shop_clearance
Orc:2:    st_orc_rangers, layout_caves
Elf:1:    layout_loops_corners, kennysheep_underground_church, uniq_frances,
          uniq_norris
Elf:2:    nicolae_elf_blades_splatter_lattice
          [nicolae_vaults_blade_armed_guards], layout_rooms, serial_shops,
          nicolae_shop_statue_plus
Elf:3:    minmay_elf_hall_furrowed, layout_geoelf_castle, minmay_misc_feat_five,
          uniq_bai_suzhen
Depths:1: layout_forbidden_donut, hell_entry, minmay_librarian,
          grunt_megastairs_5
Depths:2: hangedman_arch_fort, layout_gridlike, enter_ziggurat_c, hell_entry,
          rand_demon_pan_entry_9, serial_shops, nicolae_shop_mannequins,
          abyss_entry, minmay_misc_feat_iff, uniq_josephina, uniq_grunn

Skill      XL: |  1  2  3  4  5  6  7  8  9 10 11 12 13 14 15 16 17 18 19 |
---------------+----------------------------------------------------------+-----
Transmutations | 2 4 5 6 7 8 9 10 11 | 11.5
Spellcasting   | 5 7 8 9 10 11 12 13 14 | 14.2
Invocations    | 1 2 5 6 7 9 10 11 12 13 14 | 14.4
Fighting       | 1 5 7 8 9 10 11 12 13 | 13.3
Short Blades   | 1 5 7 8 9 10 11 12 13 | 13.3
Long Blades    | 1 5 7 8 9 10 11 12 13 | 13.3
Axes           | 1 5 7 8 9 10 11 12 13 | 13.3
Maces & Flails | 1 5 7 8 9 10 11 12 13 | 13.3
Polearms       | 1 5 7 8 9 10 11 12 13 | 13.3
Staves         | 1 5 7 8 9 10 11 12 13 | 13.3
Ranged Weapons | 1 5 7 8 9 10 11 12 13 | 13.3
Throwing       | 1 5 7 8 9 10 11 12 13 | 13.3
Armour         | 1 5 7 8 9 10 11 12 13 | 13.3
Shields        | 1 5 7 8 9 10 11 12 13 | 13.3
Unarmed Combat | 1 5 7 8 9 10 11 12 13 | 13.3
Evocations     | 1 5 7 8 9 10 11 12 13 | 13.3
Conjurations   | 1 4 5 6 7 8 9 10 11 | 11.3
Hexes          | 1 4 5 6 7 8 9 10 11 | 11.3
Summonings     | 1 4 5 6 7 8 9 10 11 | 11.3
Necromancy     | 1 4 5 6 7 8 9 10 11 | 11.3
Translocations | 1 4 5 6 7 8 9 10 11 | 11.3
Fire Magic     | 1 4 5 6 7 8 9 10 11 | 11.3
Ice Magic      | 1 4 5 6 7 8 9 10 11 | 11.3
Air Magic      | 1 4 5 6 7 8 9 10 11 | 11.3
Poison Magic   | 1 4 5 6 7 8 9 10 11 | 11.3
Shapeshifting  | 1 4 5 6 7 8 9 10 11 | 11.3
Dodging        | 6 7 8 9 10 11 12 13 14 | 14.0
Stealth        | 6 7 8 9 10 11 12 13 14 | 14.8
Earth Magic    | 6 7 8 9 10 11 12 | 12.5

Action                     |  1- 3 |  4- 6 |  7- 9 | 10-12 | 13-15 | 16-18 | 19-21 || total
---------------------------+-------+-------+-------+-------+-------+-------+-------++-------
  Melee: Dagger            |     5 |    39 |   179 |   243 |  1062 |   210 |       ||  1738
         Bite              |       |     3 |    30 |    39 |   193 |   302 |   156 ||   723
         Punch             |       |     1 |       |       |       |       |       ||     1
         Quick blade       |       |       |       |       |       |  1282 |   735 ||  2017
   Fire: Sling             |       |       |    98 |    47 |    71 |    27 |       ||   243
         Hand crossbow     |       |       |       |       |       |   187 |    50 ||   237
  Throw: Dart              |       |       |     4 |     3 |     9 |     6 |       ||    22
         Javelin           |       |       |       |       |    16 |    10 |       ||    26
   Cast: Sandblast         |    40 |    64 |    92 |    66 |    20 |     4 |     3 ||   289
         Passwall          |     4 |     1 |    13 |    22 |    60 |    81 |     3 ||   184
         Stone Arrow       |       |     8 |    64 |    37 |   123 |    21 |    13 ||   266
         Petrify           |       |       |       |     4 |    18 |    50 |    14 ||    86
         Mephitic Cloud    |       |       |       |    11 |    20 |     8 |       ||    39
         Blink             |       |       |       |     2 |     4 |     3 |       ||     9
         Freezing Cloud    |       |       |       |       |    39 |    44 |     2 ||    85
         Iskenderun's Myst |       |       |       |       |       |    35 |       ||    35
 Invoke: Heroism           |       |       |       |     5 |     4 |    15 |     2 ||    26
         Finesse           |       |       |       |       |     1 |     4 |       ||     5
  Evoke: Wand              |       |     2 |     5 |     1 |     3 |     7 |     2 ||    20
    Use: Potion            |       |     5 |       |     2 |     1 |    18 |     4 ||    30
         Scroll            |       |     3 |     4 |     3 |    14 |    16 |     1 ||    41
   Stab: Sleeping          |     3 |     6 |    24 |    14 |    72 |    49 |    12 ||   180
         Distracted        |       |     1 |       |     1 |     6 |     3 |       ||    11
         Petrifying        |       |       |       |     2 |     1 |    27 |     4 ||    34
         Petrified         |       |       |       |     2 |     7 |    16 |       ||    25
         Confused          |       |       |       |    14 |    26 |     7 |       ||    47
         Invisible         |       |       |       |       |       |     4 |       ||     4
 Armour: Robe              |     5 |    12 |    41 |    37 |    88 |    61 |    64 ||   308
         Skin              |       |    28 |       |       |       |       |       ||    28
  Dodge: Dodged            |    15 |    53 |   164 |   256 |   557 |   565 |   389 ||  1999
  Block: Buckler           |       |       |    93 |   191 |   483 |   606 |   427 ||  1800
         Kite shield       |       |       |       |       |    93 |       |       ||    93
         Reflection        |       |       |       |       |       |    37 |       ||    37

Table legend: (Time is in decaauts)
 A = Elapsed time spent in this place.
 B = Non-inter-level travel time spent in this place.
 C = Inter-level travel time spent in this place.
 D = Time resting spent in this place.
 E = Time spent auto-exploring this place.
 F = Levels seen in this place.
 G = Mean time per level.
                   A        B        C        D        E       F      G
               +--------+--------+--------+--------+--------+-----+--------+
         Total |  41378 |  39456 |   1922 |  11802 |  13188 |  36 | 1149.4 |
       Dungeon |  16065 |  14968 |   1097 |   2947 |   7743 |  15 | 1071.0 |
        Temple |     18 |      1 |     17 |      0 |      0 |   1 |   18.0 |
          Lair |   7039 |   6744 |    295 |   1936 |   1929 |   5 | 1407.8 |
   Spider Nest |   4003 |   3848 |    155 |   1235 |   1478 |   4 | 1000.8 |
  Orcish Mines |   1526 |   1344 |    182 |    227 |    545 |   2 |  763.0 |
   Elven Halls |   6510 |   6380 |    130 |   2767 |    994 |   3 | 2170.0 |
        Depths |   2386 |   2342 |     44 |    996 |    167 |   2 | 1193.0 |
         Sewer |   1224 |   1224 |      0 |    460 |    219 |   1 | 1224.0 |
       Ossuary |    232 |    232 |      0 |     35 |      0 |   1 |  232.0 |
      Ice Cave |   1707 |   1707 |      0 |    995 |      0 |   1 | 1707.0 |
      Gauntlet |    663 |    663 |      0 |    201 |    111 |   1 |  663.0 |
               +--------+--------+--------+--------+--------+-----+--------+

Top non-repeatable levels by time:
   Elf:2: 2947 daAuts
   Elf:3: 2883 daAuts
    D:15: 2423 daAuts
Spider:2: 2191 daAuts
  Lair:3: 1787 daAuts
   IceCv: 1707 daAuts
  Lair:1: 1514 daAuts
  Lair:4: 1470 daAuts
    D:11: 1377 daAuts
Depths:1: 1335 daAuts
     D:8: 1279 daAuts
   Sewer: 1224 daAuts
     D:5: 1212 daAuts
  Lair:5: 1164 daAuts
     D:9: 1134 daAuts
